 Dungeon Crawl Stone Soup version 0.31.0-4-g52a2dc7128 (webtiles) character file.

Game seed: 11302203678392450441

1818960 bakla the Skinwalker (level 25, 108/147 HPs)
             Began as a Felid Monk on Jan 21, 2024.
             Was an Initiate of Gozag.
             Escaped with the Orb
             ... and 3 runes!
             The game lasted 02:28:31 (57532 turns).

bakla the Skinwalker (Felid Monk)                  Turns: 57532, Time: 02:28:31

Health: 108/147    AC:  3    Str: 20    XL:     25   Next: 94%
Magic:  30/30      EV: 37    Int: 18    God:    Gozag
Gold:   1966       SH:  0    Dex: 22    Spells: 22/32 levels left
                                        Lives:  2   Deaths: 4

rFire   + .          .
                       - Unarmed
rCold   + + .        (shield unavailable)
rNeg    . . .        (body armour unavailable)
rPois   .            (helmet unavailable)
rElec   .            (cloak unavailable)
rCorr   +            (gloves unavailable)
SInv    +            (boots unavailable)
Will    +++..        a - amulet of regeneration
Stlth   +++          h - ring of the Tempest {rC+ rCorr}
HPRegen 1.24/turn    Z - ring of Posau {rF+ Str+5 Int+3}
MPRegen 0.22/turn

%: no passive effects
@: maw-form
A: devouring maw, very small, claws 1, fangs 3, see invisible, shaggy fur 3,
stealthy paws, no weapons or thrown items, no armour, multi-lived, screaming 1,
inability to drink after injury 1, persistent drain
0: Orb of Zot
}: 3/15 runes: decaying, serpentine, silver
a: Begin Untransformation, Renounce Religion, Potion Petition, Call Merchant,
Bribe Branch


You escaped.
You worshipped Gozag.
Gozag was most pleased with you.
You were a creature with a mouth for a stomach.
You visited 10 branches of the dungeon, and saw 48 of its levels.
You visited the Abyss 2 times.
You also visited: Gauntlet, Wizlab and Desolation.

You collected 23007 gold pieces.
You spent 4711 gold pieces at shops.
You paid 16330 gold pieces to Gozag.

Inventory:

Jewellery
 a - an amulet of regeneration (around neck)
 h - the ring of the Tempest (left paw) {rC+ rCorr}
   (You found it on level 11 of the Dungeon)

   [ring of protection from cold]

   rC+:       It protects you from cold.
   rCorr:     It protects you from acid and corrosion.
 k - a ring of protection from fire
 v - a +6 ring of dexterity
 H - the amulet of the Moon {Spirit Harm}
   (You found it in a Gauntlet)

   [amulet of guardian spirit]

   Spirit:    It causes incoming damage to be divided between your reserves of
   health and magic.
   Harm:      It increases damage dealt and taken.
 T - the ring "Askyhirphu" {Fly rElec rN+ Str+3 Int-3}
   (You found it on level 3 of the Elven Halls)

   [ring of positive energy]

   Str+3:     It affects your strength (+3).
   Int-3:     It affects your intelligence (-3).
   rElec:     It insulates you from electricity.
   rN+:       It protects you from negative energy.
   Fly:       It grants you flight.
 V - an amulet of guardian spirit
 W - the ring of Donal {^Drain rPois rN+ Str+8}
   (You found it in the Desolation of Salt)

   [ring of positive energy]

   Str+8:     It affects your strength (+8).
   rPois:     It protects you from poison rN+: It protects you from negative
   energy.
   ^Drain:    It drains your maximum health when unequipped.
 X - the ring "Xesho" {*Corrode Int+6 Dex+8}
   (You found it on level 1 of the Vaults)

   [ring of intelligence]

   Int+6:     It affects your intelligence (+6).
   Dex+8:     It affects your dexterity (+8).
   *Corrode:  It may corrode you when you take damage.
 Y - a ring of willpower
 Z - the ring of Posau (right paw) {rF+ Str+5 Int+3}
   (You found it in the Desolation of Salt)

   [ring of protection from fire]

   Str+5:     It affects your strength (+5).
   Int+3:     It affects your intelligence (+3).
   rF+:       It protects you from fire.
Talismans
 w - a granite talisman
 P - a maw talisman (active)
Wands
 q - a wand of polymorph (30)
 s - a wand of flame (42)
 E - a wand of paralysis (16)
 G - a wand of mindburst (64)
 R - a wand of acid (9)
 S - a wand of digging (7)
 U - a wand of roots (21)
Scrolls
 b - 2 scrolls of teleportation
 f - 3 scrolls of poison
 n - 3 scrolls of silence
 o - 4 scrolls of vulnerability
 u - 2 scrolls of fear
 x - 4 scrolls of noise
 y - 3 scrolls of torment
 A - 9 scrolls of amnesia
 F - 3 scrolls of blinking
 I - 3 scrolls of fog
 K - 26 scrolls of identify
Potions
 d - 3 potions of cancellation
 e - 3 potions of invisibility
 g - 6 potions of enlightenment
 i - 19 potions of curing
 j - 6 potions of might
 m - 7 potions of haste
 p - 2 potions of mutation
 t - 6 potions of brilliance
 z - 3 potions of magic
 B - 4 potions of attraction
 D - 3 potions of lignification
 L - a potion of heal wounds
 Q - a potion of berserk rage
Miscellaneous
 c - a phial of floods
 J - a lightning rod (4/4)
 M - a box of beasts
 N - a tin of tremorstones (2/2)
 O - a phantom mirror


   Skills:
 - Level 20.0 Fighting
 - Level 20.0 Dodging
 - Level 20.0 Stealth
 - Level 20.0 Unarmed Combat
 - Level 4.0 Spellcasting
 - Level 3.0 Hexes
 - Level 4.0 Ice Magic
 + Level 18.0 Evocations
 - Level 23.0 Shapeshifting


You had 22 spell levels left.
You knew the following spells:

 Your Spells              Type           Power      Damage    Failure   Level
a - Frozen Ramparts       Ice            36%        1d6       9%          3
b - Ensorcelled Hibernat  Hex/Ice        32%        N/A       5%          2
c - Tukima's Dance        Hex            14%        N/A       13%         3
d - Blink                 Tloc           6%         N/A       22%         2

Your spell library contained the following spells:

 Spells                   Type           Power      Damage    Failure   Level
 Freeze                   Ice            72%        1d8       2%          1
 Ozocubu's Armour         Ice            18%        N/A       9%          3
 Confusing Touch          Hex            14%        N/A       13%         3
 Apportation              Tloc           6%         N/A       14%         1
 Foxfire                  Conj/Fire      12%        2x1d4     14%         1
 Kiss of Death            Conj/Necr      12%        2d6       14%         1
 Magic Dart               Conj           12%        1d3       14%         1
 Necrotise                Necr           12%        1d4       14%         1
 Sandblast                Erth           6%         2d5       14%         1
 Shock                    Conj/Air       12%        1d3       14%         1
 Sting                    Conj/Alch      12%        1d3       14%         1
 Summon Small Mammal      Summ           12%        N/A       14%         1
 Hailstorm                Conj/Ice       10%        3d6       19%         3
 Lesser Beckoning         Tloc           6%         N/A       22%         2
 Momentum Strike          Conj/Tloc      6%         3d8       22%         2
 Searing Ray              Conj           6%         2d4       22%         2
 Call Canine Familiar     Summ           3%         N/A       41%         3
 Fugue of the Fallen      Necr           3%         N/A       41%         3
 Gell's Gravitas          Tloc           3%         N/A       41%         3
 Stone Arrow              Conj/Erth      6%         3d7       41%         3
 Swiftness                Air            3%         N/A       41%         3
 Teleport Other           Tloc           3%         N/A       41%         3
 Volatile Blastmotes      Fire/Tloc      6%         2d10      41%         3
 Anguish                  Hex/Necr       4%         N/A       61%         4
 Metabolic Englaciation   Hex/Ice        8%         N/A       67%         5
 Airstrike                Air            1%         2d(1-17)  82%         4
 Brom's Barrelling Bould  Conj/Erth      3%         2d3       82%         4
 Dispel Undead            Necr           3%         3d7       82%         4
 Fulminant Prism          Conj/Alch      1%         3d5       82%         4
 Iskenderun's Mystic Bla  Conj/Tloc      3%         2d3       82%         4
 Leda's Liquefaction      Alch/Erth      1%         N/A       82%         4
 Manifold Assault         Tloc           3%         N/A       82%         4
 Passage of Golubria      Tloc           3%         N/A       82%         4
 Summon Blazeheart Golem  Fire/Summ      3%         N/A       82%         4
 Summon Mana Viper        Hex/Summ       9%         N/A       91%         5
 Yara's Violent Unravell  Hex/Alch       4%         3d4       91%         5
 Alistair's Intoxication  Alch           2%         N/A       99%         5
 Borgnjor's Vile Clutch   Necr/Erth      1%         N/A       99%         5
 Fireball                 Conj/Fire      1%         3d3       99%         5
 Iskenderun's Battlesphe  Conj           3%         2d6       99%         5
 Summon Forest            Summ/Tloc      1%         N/A       99%         5
 Conjure Ball Lightning   Conj/Air       1%         3x3d6     100%        6
 Death Channel            Necr           1%         N/A       100%        6
 Dispersal                Tloc           1%         N/A       100%        6
 Eringya's Noxious Bog    Alch           1%         4d6       100%        6
 Sculpt Simulacrum        Ice/Alch       5%         N/A       100%        6
 Starburst                Conj/Fire      1%         6d3       100%        6
 Summon Cactus Giant      Summ           1%         N/A       100%        6
 Haunt                    Necr/Summ      1%         N/A       100%        7
 Orb of Destruction       Conj           1%         9d5       100%        7
 Spellforged Servitor     Conj/Summ      1%         N/A       100%        7
 Borgnjor's Revivificati  Necr           1%         N/A       100%        8
 Disjunction              Tloc           1%         N/A       100%        8
 Infestation              Necr           1%         N/A       100%        8
 Chain Lightning          Conj/Air       1%         3d2       100%        9
 Death's Door             Necr           1%         N/A       100%        9
 Fire Storm               Conj/Fire      1%         8d1       100%        9
 Shatter                  Erth           1%         3d6*      100%        9
 Dimensional Bullseye     Hex/Tloc       Unusable   N/A       N/A         4
 Animate Armour           Summ/Erth      Unusable   N/A       N/A         4
 Animate Dead             Necr           Unusable   N/A       N/A         4

Dungeon Overview and Level Annotations

Branches:
Dungeon (15/15)            Temple (1/1) D:7            Lair (5/5) D:8
  Swamp (4/4) Lair:2        Snake (4/4) Lair:3        Slime (0/5) Lair:4
    Orc (2/2) D:9             Elf (3/3) Orc:2        Vaults (5/5) D:13
  Crypt (0/3) Vaults:2     Depths (4/4) D:15            Zot (5/5) Depths:4
 WizLab (visited)         Desolation (visited)      Gauntlet (visited)

Altars:
Ashenzari
Cheibriados
Dithmenos
Elyvilon
Fedhas
Gozag
Hepliaklqana
Kikubaaqudgha
Makhleb
Nemelex Xobeh
Okawaru
Qazlal
Ru
Sif Muna
Trog
Uskayaw
Vehumet
Wu Jian
Xom
Yredelemnul
Zin
The Shining One
Jiyva
Lugonu

Shops:
D:2 ?   D:4 ?   D:8 *=   D:10 *   D:12 (   D:13 !   Orc:2 (*((   Elf:2 !
Elf:3 ::[=[   Snake:4 !   Vaults:2 *[*   Vaults:4 :(

Portals:
Hell: Depths:1 Depths:3 Depths:4
Abyss: Depths:1 Depths:2
Pandemonium: Depths:1 Depths:2
Ziggurat: Depths:1

Annotations:
D:10 2 transporters
D:12 1 runed translucent door
D:14 5 runed translucent doors
Swamp:2 exclusion: spriggan
Snake:1 1 runed translucent door, Hirghin's ghost, adept DrBe
Elf:2 3 runed translucent doors
Depths:2 1 runed translucent door
Depths:3 exclusion: 2 spriggan defenders
Zot:4 exclusion: 4 upstairs


Innate Abilities, Weirdness & Mutations

You are a creature with a mouth for a stomach.
Your midsection houses a second, enormous mouth.
You have sharp claws.
You have razor-sharp teeth.
You have supernaturally acute eyesight. (SInv)
Your thick and shaggy fur keeps you warm. (AC +3, rC+)
Your paws help you pounce on unaware monsters.
You are incapable of wielding weapons or throwing items.
You cannot wear armour.
You gain extra lives every three experience levels.
You occasionally shout uncontrollably at your foes.
You occasionally lose the ability to drink potions when taking damage.
Your health recovers twice as slowly from being drained.


Message History

The Orb Guardian is severely wounded.
You completely miss the Orb Guardian. You bite the Orb Guardian!
The Orb Guardian is almost dead.
The Orb Guardian hits you!!
* * * LOW HITPOINT WARNING * * *
You scratch the Orb Guardian but do no damage.
You claw the Orb Guardian, but do no damage.
The Orb Guardian is almost dead.
The Orb Guardian hits you.
* * * LOW HITPOINT WARNING * * *
You scratch the Orb Guardian.
The Orb Guardian is almost dead.
The Orb Guardian barely misses you.
You mangle the Orb Guardian!!
You kill the Orb Guardian!
You now have 1966 gold pieces (gained 12).
What level of the Dungeon? (default 1, ? - help)
There is a stone staircase leading up here.
You climb upwards.
There is a stone staircase leading down here.
There is an escape hatch in the ceiling here.
A mysterious force pulls you upwards. The hatch slams shut behind you.
You shout twice at the blizzard demon!
A blizzard demon comes into view.
The blizzard demon waves its arms in wide circles.
The air twists around and strikes you!
* * * LOW HITPOINT WARNING * * *
There is a stone staircase leading up here.
The blizzard demon gestures at you.
You climb upwards.
There is a stone staircase leading down here.
What level of the Dungeon? (default 1, ? - help)
You see here a +0 club.
There is a stone staircase leading up here.
You climb upwards.
There is a stone staircase leading down here.
What level of the Dungeon? (default 1, ? - help)
Okay, then.
There is a staircase leading out of the dungeon here.
You have escaped!

#......[......##...............#
#..........≈≈≈~≈≈≈≈≈≈..........#
#.........≈≈≈≈≈~≈≈≈≈≈≈.......(.#
####.....≈≈≈≈≈≈~≈≈≈≈≈≈≈........#
#.....≈≈≈8≈≈~≈≈≈≈≈8≈≈≈........
#.....≈≈≈≈≈~≈≈≈≈≈≈≈≈≈≈........
#.....≈≈≈≈≈~≈≈≈...≈≈≈≈........
#.....≈≈≈≈≈~≈≈.≈≈≈.≈≈........#
#.....≈≈≈≈≈≈~W.≈≈≈≈..≈.......#
##÷...≈..≈≈≈≈.>~≈≈≈≈≈≈########
##.....≈≈)≈≈≈.≈≈~≈≈≈≈≈....)...
#.....≈≈≈≈...≈≈≈~≈≈≈≈≈........
#.....≈≈≈≈≈≈≈≈≈≈~≈≈≈≈≈........
#.....≈≈≈8≈≈≈≈≈~≈≈8≈≈≈........
#......≈≈≈≈≈≈≈~≈≈≈≈≈≈.........
#.......≈≈≈≈≈≈~≈≈≈≈≈..........
#........≈≈≈≈≈≈~≈≈≈...........


There were no monsters in sight!

Vanquished Creatures
  An orb of fire (Zot:1)
  Bai Suzhen (Swamp:4)
  Boris (twice) (Depths:1 Depths:3)
  Sojobo (Depths:2)
  the Lernaean hydra (Swamp:4)
  A Killer Klown (Zot:4)
  Saint Roka (Snake:2)
  4 caustic shrikes
  2 curse toes
  Nikola (Vaults:1)
  6 golden dragons
  2 bone dragons
  A Tzitzimitl (Zot:5)
  Jorgrun (Snake:3)
  An electric golem (Zot:1)
  Rupert (Lair:5)
  Zenata (Vaults:1)
  6 tentacled monstrosities
  5 Orb Guardians
  3 liches
  2 deep elf blademasters
  A walking earthen tome (Depths:3)
  An Ice Fiend (Zot:5)
  3 deep elf master archers (Elf:3)
  The ghost of Eskosele the Warrior, an adept TeRe of Hepliaklqana (Elf:1)
  7 quicksilver dragons
  7 sphinxes
  4 acid blobs
  A walking frostbound tome (Depths:3)
  4 tengu reavers
  5 death cobs
  7 tentacled starspawn
  Frances (Swamp:2)
  Agnes (Snake:1)
  6 storm dragons
  Aizul (Snake:1)
  4 shadow dragons
  Donald (Snake:1)
  2 protean progenitors
  6 fire giants
  A fenstrider witch (Swamp:3)
  6 draconian monks
  4 frost giants
  7 draconian shifters
  12 vault wardens
  6 deep elf sorcerers
  Louise (Swamp:1)
  A balrug (Abyss:4)
  3 draconian knights
  A ghost moth (Zot:5)
  2 imperial myrmidons (Desolation)
  2 orc warlords
  19 ironbound preservers
  4 deep elf elementalists
  A cacodemon (Abyss:4)
  3 draconian scorchers (Zot:1)
  4 formless jellyfish
  2 spriggan defenders
  12 stone giants
  A reaper (Abyss:3)
  8 draconian stormcallers
  5 draconian annihilators
  7 ironbound thunderhulks
  19 very ugly things
  5 vampire knights
  5 eleionomae
  6 black draconians
  7 deep elf annihilators (Elf:3)
  3 deep elf demonologists
  4 green draconians
  A lorocyproca (Depths:1)
  5 dire elephants
  8 deep elf death magi
  4 purple draconians
  A minotaur (Gauntlet)
  8 spark wasps
  7 war gargoyles
  8 white draconians
  4 bunyips
  2 halazid warlocks (Desolation)
  21 yellow draconians
  6 red draconians
  Josephine (Lair:5)
  An entropy weaver (Vaults:4)
  A green death (Abyss:4)
  3 crystal guardians
  5 fire dragons
  10 ettins
  A shambling mangrove (Swamp:4)
  A merfolk impaler (Depths:1)
  2 ice dragons
  33 vault guards
  2 deep elf high priests (Elf:3)
  12 yaktaur captains
  3 rakshasas
  3 servants of whispers (Desolation)
  2 ragged hierophants (Desolation)
  4 salamander tyrants (Snake:4)
  19 hydras
  2 spriggan air magi
  2 ogre magi
  A catoblepas (Lair:5)
  12 peacekeepers
  14 centaur warriors
  A ghost crab (Swamp:4)
  5 great orbs of eyes
  11 anacondas
  2 radroaches (Zot:4)
  8 ironbound frosthearts
  12 alligators
  19 dancing weapons
  10 two-headed ogres
  10 boulder beetles
  2 death knights (Vaults:2)
  7 deep troll shamans
  2 hell hogs (Abyss:4)
  3 deep troll earth magi
  4 tengu warriors
  5 occultists
  6 naga warriors
  7 death yaks
  8 shock serpents
  10 naga sharpshooters
  22 thrashing horrors
  4 orc high priests (Orc:2)
  A demonic crawler (Depths:2)
  2 sun demons (Abyss:4)
  6 spriggan berserkers
  4 hell knights
  3 soul eaters
  11 spriggans
  6 wretched stars
  9 deep elf knights
  6 salamander mystics
  A skeletal warrior (D:11)
  7 iron trolls
  A fire crab (D:13)
  A shadow wraith (Abyss:4)
  A skyshark (Lair:5)
  4 goliath frogs
  A flayed ghost (Depths:4)
  3 spriggan druids
  42 deep trolls
  18 mana vipers
  3 glowing orange brains
  A sea snake (shapeshifter) (Vaults:5)
  A spatial maelstrom (Abyss:4)
  6 naga ritualists
  A mana viper (shapeshifter) (Depths:1)
  A spriggan simulacrum (Abyss:4)
  10 deep elf archers
  2 harpies (shapeshifter)
  8 swamp dragons
  7 arcanists
  19 ironbound convokers
  10 orc knights
  3 bog bodies
  3 phantasmal warriors (Vaults:5)
  21 deep elf pyromancers
  49 ugly things
  A steelbarb worm (shapeshifter) (Vaults:5)
  5 necromancers
  11 lindwurms
  23 deep elf zephyrmancers
  Maurice (Orc:1)
  5 will-o-the-wisps
  6 cyclopes
  3 worldbinders
  5 orc sorcerers
  23 salamanders
  19 elephants
  A manticore (D:12)
  16 vault sentinels
  16 moths of wrath
  4 centaur zombies (D:11)
  2 kobold blastminers
  11 guardian serpents
  A water nymph (shapeshifter) (Depths:3)
  37 black mambas
  11 smoke demons
  13 naga magi
  10 cane toads
  3 gargoyles
  An orange demon (Abyss:2)
  3 freezing wraiths
  7 kobold demonologists
  12 large abominations
  2 unseen horrors (D:11)
  7 komodo dragons
  2 efreet
  A yaktaur skeleton (Vaults:3)
  22 yaktaurs
  4 rime drakes
  A tengu conjurer (D:15)
  9 ancient zymes
  A queen bee (shapeshifter) (D:15)
  10 trolls
  16 hornets
  4 hellwings (Abyss:2)
  2 polar bears
  8 tyrant leeches
  An elf zombie (Vaults:3)
  16 blink frogs
  11 raiju
  An ettin zombie (Vaults:3)
  A jumping spider (Vaults:4)
  39 saltlings (Desolation)
  5 meliai zombies (D:11)
  4 air elementals
  2 shadows
  Sigmund (D:2)
  22 slime creatures
  8 vampires
  7 water elementals
  4 wyverns
  4 ynoxinuls
  3 basilisks
  11 wraiths
  56 yaks
  A human (D:13)
  6 wargs
  2 neqoxecs
  8 starcursed masses
  2 steam dragons
  2 fire elementals
  2 redbacks (Vaults:4)
  A yaktaur simulacrum (Vaults:3)
  13 vampire mosquitoes
  An acid dragon (D:9)
  27 nagas
  18 swamp worms
  An acid dragon (shapeshifter) (Vaults:4)
  Duvessa (D:7)
  4 hell hounds (Abyss:4)
  12 water moccasins
  21 orc warriors
  2 ice beasts (D:7)
  11 laughing skulls
  2 sky beasts (D:7)
  A black bear (D:6)
  8 swamp drakes (Swamp:4)
  9 ogres
  10 wolves
  A tengu (D:13)
  6 boggarts
  9 centaurs
  4 phantoms
  3 weeping skulls (Abyss:4)
  9 kobold brigands
  2 brain worms
  11 bullfrogs
  3 gnoll sergeants
  A naga simulacrum (Abyss:2)
  A scorpion (D:6)
  3 small abominations
  19 wights
  27 jellies
  3 earth elementals
  Dowan (D:7)
  10 killer bees
  7 howler monkeys
  7 electric eels
  3 bombardier beetles
  A crimson imp (D:5)
  2 quasits (Abyss:2)
  5 hounds (D:5)
  33 orc priests
  A gnoll bouda (D:7)
  A sleepcap (D:6)
  Jessica (D:3)
  Natasha (thrice) (D:2)
  4 iguanas
  Ijyb (D:4)
  17 orc wizards
  4 hell rats (Lair:4)
  Robin (D:2)
  8 adders
  11 gnolls
  3 shadow imps
  3 white imps
  8 ufetubi
  4 dart slugs
  44 orcs
  8 ball pythons
  4 endoplasms
  2 giant cockroaches
  16 goblins
  10 hobgoblins
  7 jackals
  35 kobolds
  6 quokkas
  8 bats
  A frilled lizard (D:3)
  11 rats
  2 starspawn tentacles
2002 creatures vanquished.

Vanquished Creatures (collateral kills)
  A dread lich (Zot:5)
  2 ancient liches (Zot:5)
  2 golden dragons (Zot:5)
  An electric golem (Zot:5)
  A deep elf master archer (Elf:3)
  9 Orb Guardians (Zot:5)
  A deep elf blademaster (Elf:3)
  A draconian monk (Zot:5)
  A ghost moth (Zot:5)
  A balrug (D:14)
  A green draconian (Zot:5)
  A servant of whispers (Desolation)
  A peacekeeper (Desolation)
  A hydra (Lair:2)
  A death yak (Lair:5)
  A glowing orange brain (Zot:5)
  3 moths of wrath (Zot:5)
  3 saltlings (Desolation)
  A swamp worm (Swamp:1)
33 creatures vanquished.

Vanquished Creatures (others)
  A dread lich (Zot:5)
  An orb of fire (Zot:5)
  2 ancient liches (Zot:5)
  2 Killer Klowns (Zot:5)
  A curse toe (Zot:5)
  2 tentacled monstrosities (Zot:5)
  12 Orb Guardians (Zot:5)
  A quicksilver dragon (Zot:5)
  A draconian monk (Zot:5)
  A draconian scorcher (Zot:5)
  An ironbound preserver (Vaults:1)
  2 green draconians (Zot:5)
  A red draconian (Zot:5)
  A white draconian (Zot:5)
  2 occultists
  A deep elf knight (Elf:1)
  A salamander mystic (Snake:4)
  A mana viper (Snake:4)
  A deep troll (Vaults:4)
  A deep elf zephyrmancer (Elf:1)
  A moth of wrath (Zot:5)
  A molten gargoyle (Desolation)
  A tyrant leech (Swamp:3)
  A bloated husk (Swamp:2)
  2 saltlings (Desolation)
  2 small abominations
  A jelly (Zot:1)
  An orc priest (Orc:2)
  3 orc wizards
  A white imp (Abyss:4)
  An orc (Orc:1)
  15 foxfires
  A lurking horror (Abyss:4)
  20 starspawn tentacles
87 creatures vanquished.

Grand Total: 2122 creatures vanquished

Notes
Turn   | Place    | Note
-------+----------+-------------------------------------------
     0 | D:1      | bakla the Felid Monk began the quest for the Orb.
     0 | D:1      | Reached XP level 1. HP: 12/12 MP: 2/2
   167 | D:1      | Reached skill level 1 in Stealth
   168 | D:1      | Reached XP level 2. HP: 14/16 MP: 3/3
   367 | D:1      | Reached XP level 3. HP: 20/20 MP: 4/4
   955 | D:2      | Noticed Robin
  1014 | D:2      | Noticed Sigmund
  1207 | D:3      | Reached XP level 4. HP: 25/25 MP: 5/5
  1207 | D:3      | Gained a life (2 lives remaining)
  1274 | D:3      | Reached skill level 5 in Dodging
  1310 | D:3      | You fall into a shaft and drop 1 floor!
  1426 | D:3      | Noticed Jessica
  1440 | D:3      | Killed Jessica
  1445 | D:3      | Found a shimmering blue altar of Sif Muna.
  1496 | D:3      | Reached XP level 5. HP: 24/29 MP: 6/6
  1695 | D:3      | Found a glowing silver altar of Zin.
  1923 | D:3      | Found a shimmering altar of Xom.
  1958 | D:2      | Found a faded altar of an unknown god.
  1987 | D:2      | Got Dispater's Treatise on Collective Wounds
  1992 | D:2      | Learned a level 3 spell: Frozen Ramparts
  2037 | D:2      | Killed Sigmund
  2038 | D:2      | Reached skill level 1 in Hexes
  2038 | D:2      | Gained mutation: You are covered in thick fur. (AC +2)
                  | [Felid growth]
  2038 | D:2      | Reached XP level 6. HP: 33/33 MP: 6/8
  2091 | D:2      | Found Zuhu's Magic Scroll Emporium.
  2094 | D:2      | Bought a scroll of teleportation for 33 gold pieces
  2094 | D:2      | Bought a scroll of identify for 22 gold pieces
  2149 | D:2      | Noticed Natasha
  2152 | D:2      | Killed Natasha
  2171 | D:2      | Learned a level 2 spell: Ensorcelled Hibernation
  2178 | D:2      | Noticed Natasha
  2193 | D:2      | Killed Natasha
  2194 | D:2      | Reached skill level 1 in Spellcasting
  2194 | D:2      | Reached skill level 1 in Ice Magic
  2245 | D:2      | Noticed Natasha
  2262 | D:2      | Killed Natasha
  2595 | D:2      | Killed Robin
  2926 | D:2      | Bought a scroll of identify for 22 gold pieces
  3034 | D:4      | Noticed Ijyb
  3072 | D:4      | Killed Ijyb
  3073 | D:4      | Reached XP level 7. HP: 36/38 MP: 2/10
  3651 | D:4      | Found Otegaoc's Magic Scroll Shop.
  3658 | D:4      | Bought a scroll of identify for 28 gold pieces
  3708 | D:5      | Entered Level 5 of the Dungeon
  3708 | D:5      | Noticed a wyvern
  4282 | D:5      | Noticed a wyvern
  4320 | D:5      | Killed a wyvern
  4321 | D:5      | Reached XP level 8. HP: 30/42 MP: 6/15
  4388 | D:5      | Reached skill level 1 in Shapeshifting
  4662 | D:5      | Found a burning altar of Makhleb.
  4692 | D:5      | Reached skill level 5 in Fighting
  4692 | D:5      | Reached skill level 5 in Unarmed Combat
  5039 | D:6      | Found a stormy altar of Qazlal.
  5376 | D:6      | Reached skill level 2 in Shapeshifting
  5564 | D:6      | Reached XP level 9. HP: 46/47 MP: 4/16
  6243 | D:7      | Found an iron altar of Okawaru.
  6524 | D:7      | Learned a level 3 spell: Tukima's Dance
  6541 | D:7      | Reached skill level 3 in Shapeshifting
  6562 | D:7      | Noticed Duvessa
  6562 | D:7      | Noticed Dowan
  6576 | D:7      | Killed Duvessa
  6581 | D:7      | Killed Dowan
  6741 | D:7      | Found a staircase to the Ecumenical Temple.
  6851 | Temple   | Entered the Ecumenical Temple
  6860 | Temple   | Became a worshipper of Gozag Ym Sagoz the Greedy
  7039 | D:7      | Reached skill level 5 in Stealth
  7764 | D:8      | Identified the +1 pair of gloves of Mumblety Peg {Harm}
  7897 | D:8      | Found a staircase to the Lair.
  7962 | D:8      | Reached skill level 1 in Evocations
  8383 | D:9      | Reached skill level 4 in Shapeshifting
  8586 | D:9      | Noticed a kobold demonologist
  8606 | D:9      | Noticed a rust devil
  8736 | D:9      | Killed a kobold demonologist
  8737 | D:9      | Reached XP level 10. HP: 47/53 MP: 15/17
  8797 | D:9      | Noticed a two-headed ogre
  8908 | D:9      | Noticed a two-headed ogre
  8932 | D:9      | Killed a two-headed ogre
  8933 | D:9      | Reached skill level 5 in Shapeshifting
  8977 | D:9      | Found a staircase to the Orcish Mines.
  9049 | D:9      | Reached skill level 6 in Shapeshifting
  9062 | D:9      | Killed a two-headed ogre
  9063 | D:9      | Reached skill level 7 in Shapeshifting
  9298 | D:9      | Found a bloodstained altar of Trog.
  9372 | D:9      | Found a shadowy altar of Dithmenos.
  9803 | D:2      | Bought a scroll of poison for 44 gold pieces
  9803 | D:2      | Bought a scroll of immolation for 44 gold pieces
  9803 | D:2      | Bought 3 scrolls of teleportation for 99 gold pieces
 10025 | D:10     | Entered Level 10 of the Dungeon
 10085 | D:10     | Reached skill level 8 in Shapeshifting
 10366 | D:10     | Reached XP level 11. HP: 20/58 MP: 0/18
 10905 | D:10     | Found Kytiragh's Assorted Antiques.
 10908 | D:10     | Bought a potion of haste for 350 gold pieces
 10908 | D:10     | Bought a potion of haste for 350 gold pieces
 10908 | D:10     | Bought a scroll of identify for 70 gold pieces
 11142 | D:10     | Reached skill level 9 in Shapeshifting
 11334 | D:10     | Found a broken altar of Ashenzari.
 11336 | D:10     | Noticed an ogre mage
 11336 | D:10     | Noticed a boulder beetle
 11338 | D:10     | Found a transporter.
 11358 | D:10     | Found a corrupted altar of Lugonu.
 11438 | D:10     | Noticed a sun demon
 11576 | D:10     | Noticed a soul eater
 11714 | D:10     | Noticed a sun demon
 11771 | D:10     | Found a transporter.
 11790 | D:10     | Noticed a soul eater
 12083 | D:10     | Bought a scroll of identify for 70 gold pieces
 12297 | D:4      | Bought a scroll of identify for 28 gold pieces
 12297 | D:4      | Bought a scroll of fear for 56 gold pieces
 12298 | D:4      | Identified a scroll of acquirement
 12299 | D:4      | Acquired 904 gold pieces
 12301 | D:4      | Bought a scroll of identify for 28 gold pieces
 12301 | D:4      | Bought a scroll of teleportation for 42 gold pieces
 12301 | D:4      | Bought a scroll of poison for 56 gold pieces
 12590 | D:11     | Noticed a necromancer
 12620 | D:11     | Killed a necromancer
 12636 | D:11     | Reached skill level 10 in Shapeshifting
 12643 | D:11     | Slain by a centaur warrior zombie
 12643 | D:11     | Lost a life (1 life remaining)
 12916 | D:11     | Noticed a purple ugly thing
 12927 | D:11     | Killed a purple ugly thing
 13133 | Lair:1   | Entered Level 1 of the Lair of Beasts
 13198 | Lair:1   | Noticed a boulder beetle
 13216 | Lair:1   | Killed a boulder beetle
 13229 | Lair:1   | Reached skill level 10 in Dodging
 13433 | Lair:1   | Gained mutation: Your thick and shaggy fur keeps you warm.
                  | (AC +3, rC+) [Felid growth]
 13433 | Lair:1   | Reached XP level 12. HP: 40/64 MP: 7/19
 13433 | Lair:1   | Gained a life (2 lives remaining)
 14219 | Lair:2   | Found an iron altar of Okawaru.
 14227 | Lair:2   | Found a dark tunnel.
 14400 | Lair:2   | Noticed a seven-headed hydra
 14548 | Lair:2   | Killed a seven-headed hydra
 14594 | Lair:2   | Reached skill level 11 in Shapeshifting
 14676 | Lair:2   | Noticed a four-headed hydra
 15769 | Lair:3   | Reached XP level 13. HP: 54/70 MP: 15/20
 16563 | Lair:3   | Found a staircase to the Snake Pit.
 16834 | Lair:4   | Found a staircase to the Slime Pits.
 16961 | Lair:4   | Reached skill level 12 in Shapeshifting
 17227 | Lair:4   | Found a viscous altar of Jiyva.
 17668 | Lair:5   | Entered Level 5 of the Lair of Beasts
 17839 | Lair:5   | Reached skill level 10 in Unarmed Combat
 17907 | Lair:5   | Reached skill level 10 in Fighting
 17952 | Lair:5   | Found a gate leading to a gauntlet.
 18104 | Gauntlet | Entered a Gauntlet
 18104 | Gauntlet | Found a transporter.
 18111 | Gauntlet | Found a transporter.
 18113 | Gauntlet | Found a transporter.
 18122 | Gauntlet | Found a runed translucent door.
 18122 | Gauntlet | Found the +3 pair of mountain boots {steadfast, rC+}
 18124 | Gauntlet | Found a transporter.
 18126 | Gauntlet | Found a transporter.
 18137 | Gauntlet | Found a transporter.
 18153 | Gauntlet | Found a transporter.
 18163 | Gauntlet | Found a transporter.
 18175 | Gauntlet | Found a transporter.
 18189 | Gauntlet | Found a transporter.
 18189 | Gauntlet | Found a transporter.
 18215 | Gauntlet | Found a runed translucent door.
 18217 | Gauntlet | Found a transporter.
 18217 | Gauntlet | Found a transporter.
 18220 | Gauntlet | Found a runed translucent door.
 18268 | Gauntlet | Found a transporter.
 18651 | Gauntlet | Noticed a minotaur
 18660 | Gauntlet | HP: 2/80 [minotaur/+1 orcbow of flaming (11)]
 18663 | Gauntlet | Mangled by a minotaur
 18663 | Gauntlet | Lost a life (1 life remaining)
 18682 | Gauntlet | Killed a minotaur
 18713 | Gauntlet | Identified the amulet of the Moon {Spirit Harm}
 18714 | Gauntlet | Got Ynaissarch's Exposition on the Macabre Tesseract
 19566 | Lair:5   | Reached XP level 14. HP: 61/77 MP: 21/21
 19566 | Lair:5   | Gained a life (2 lives remaining)
 19588 | Lair:5   | Identified the +0 chain mail of Duoklamu {Int+2}
 19944 | Lair:5   | Noticed Rupert
 20010 | Lair:5   | Killed Rupert
 20011 | Lair:5   | Reached skill level 13 in Shapeshifting
 20104 | Lair:5   | Noticed Josephine
 20113 | Lair:5   | Killed Josephine
 20704 | Lair:2   | Found a staircase to the Swamp.
 21841 | D:11     | Reached skill level 14 in Shapeshifting
 21933 | D:11     | Identified the ring of the Tempest {rC+ rCorr}
 22179 | D:12     | Found Cephe's Antique Weapon Shop.
 22454 | D:12     | Found a runed translucent door.
 22501 | D:12     | Engulfed by a cloud of flame
 22501 | D:12     | Lost a life (1 life remaining)
 22918 | D:12     | Reached skill level 15 in Shapeshifting
 23200 | D:12     | Identified the +6 battleaxe of Analysis {vamp, +Blink rPois
                  | rF- rN+}
 23310 | D:13     | Noticed Nessos
 23319 | D:13     | Nessos changed into Nessos the fire crab
 23319 | D:13     | Noticed Nessos
 23322 | D:13     | Killed Nessos the fire crab
 23323 | D:13     | Reached XP level 15. HP: 71/82 MP: 22/22
 23323 | D:13     | Gained a life (2 lives remaining)
 24262 | D:13     | Found Emiam Bohi's Distillery.
 24271 | D:13     | Bought a potion of haste for 160 gold pieces
 24289 | D:13     | Noticed Sonja
 24534 | D:13     | Sonja changed into Sonja the tengu
 24534 | D:13     | Noticed Sonja
 24549 | D:13     | Killed Sonja the tengu
 25699 | D:13     | Reached skill level 5 in Evocations
 25806 | D:13     | Found a gate to the Vaults.
 26021 | D:14     | Found the +9 staff of Olgreb {rPois∞}
 26024 | D:14     | Found a runed translucent door.
 26028 | D:14     | Noticed an emperor scorpion
 26031 | D:14     | Found a runed translucent gate.
 26031 | D:14     | Noticed an emperor scorpion
 26033 | D:14     | Found a runed translucent door.
 26235 | D:14     | Noticed an emperor scorpion
 26236 | D:14     | Noticed an emperor scorpion
 26237 | D:14     | Noticed an emperor scorpion
 26239 | D:14     | Found a runed translucent gate.
 26242 | D:14     | Found a runed translucent gate.
 26600 | D:15     | Entered Level 15 of the Dungeon
 26670 | D:15     | Found a staircase to the Depths.
 26670 | D:15     | Noticed a fire giant
 26719 | D:15     | Killed a fire giant
 27420 | Orc:1    | Entered Level 1 of the Orcish Mines
 27420 | Orc:1    | Noticed Maurice
 27431 | Orc:1    | Killed Maurice
 27489 | Orc:2    | Entered Level 2 of the Orcish Mines
 27955 | Orc:2    | Found a staircase to the Elven Halls.
 28070 | Orc:2    | Found Wiabolun's Assorted Antiques.
 28070 | Orc:2    | Found Xisomul's Weapon Emporium.
 28092 | Orc:2    | Found Orheex's Weapon Shoppe.
 28180 | Orc:2    | Found Rash's Antique Weapon Emporium.
 28236 | Orc:2    | Bought a potion of curing for 81 gold pieces
 28713 | Orc:2    | Reached skill level 16 in Shapeshifting
 29262 | Orc:2    | Reached XP level 16. HP: 80/88 MP: 23/23
 29712 | Swamp:1  | Entered Level 1 of the Swamp
 29770 | D:8      | Bought a scroll of teleportation for 84 gold pieces
 29770 | D:8      | Bought a scroll of teleportation for 84 gold pieces
 29772 | D:8      | Bought a granite talisman for 960 gold pieces
 29797 | D:8      | Bought a ring of flight for 280 gold pieces
 29886 | Swamp:1  | Reached skill level 15 in Dodging
 29976 | Swamp:1  | Noticed Louise
 29987 | Swamp:1  | Killed Louise
 30749 | Swamp:2  | Noticed Frances
 30760 | Swamp:2  | Killed Frances
 31649 | Swamp:4  | Entered Level 4 of the Swamp
 31876 | Swamp:4  | Noticed Bai Suzhen
 31924 | Swamp:4  | Killed Bai Suzhen
 31963 | Swamp:4  | Noticed the 27-headed Lernaean hydra
 32030 | Swamp:4  | Reached XP level 17. HP: 95/95 MP: 24/24
 32110 | Swamp:4  | Got a decaying rune of Zot
 32137 | Swamp:4  | Killed the 27-headed Lernaean hydra
 32611 | Snake:1  | Entered Level 1 of the Snake Pit
 32611 | Snake:1  | Noticed Agnes
 32621 | Snake:1  | Killed Agnes
 32679 | Snake:1  | Identified the serpent talisman of Uskayaw's Favour {rCorr
                  | Int+2 Stlth+}
 32679 | Snake:1  | Noticed Aizul
 32694 | Snake:1  | Killed Aizul
 32884 | Snake:1  | Found a runed translucent door.
 32884 | Snake:1  | Found a shimmering altar of Xom.
 32884 | Snake:1  | Noticed Hirghin's ghost (adept DrBe)
 32889 | Snake:1  | Identified the +2 dire flail of Mastery {chaos, Int+2}
 33237 | Snake:1  | Noticed Donald
 33253 | Snake:1  | Killed Donald
 33733 | Snake:2  | Reached skill level 17 in Shapeshifting
 33768 | Snake:2  | Noticed Saint Roka
 33792 | Snake:2  | Killed Saint Roka
 33793 | Snake:2  | Reached skill level 10 in Stealth
 35386 | Snake:3  | Noticed Jorgrun
 35392 | Snake:3  | Killed Jorgrun
 35412 | Snake:4  | Entered Level 4 of the Snake Pit
 35782 | Snake:4  | Reached XP level 18. HP: 102/102 MP: 25/25
 35851 | Snake:4  | Found a radiant altar of Vehumet.
 35962 | Snake:4  | Identified the beast talisman of the Transmuting Gods
                  | {Will- Str+2 Dex+6}
 36162 | Snake:4  | Found Feudeb Bism's Distillery.
 36166 | Snake:4  | Bought a potion of curing for 54 gold pieces
 36166 | Snake:4  | Bought a potion of berserk rage for 90 gold pieces
 36166 | Snake:4  | Bought a potion of haste for 180 gold pieces
 36166 | Snake:4  | Bought a potion of enlightenment for 90 gold pieces
 36166 | Snake:4  | Bought a potion of enlightenment for 90 gold pieces
 37048 | Snake:4  | Got a serpentine rune of Zot
 37460 | Elf:1    | Entered Level 1 of the Elven Halls
 37651 | Elf:1    | Identified the +4 whip of Fragile Peace {flame, rN+ Will+++
                  | Stlth+}
 37767 | Elf:1    | Found a shimmering altar of Xom.
 37997 | Elf:1    | Found a runed translucent gate.
 37997 | Elf:1    | Found a runed translucent gate.
 37997 | Elf:1    | Found a runed translucent gate.
 37997 | Elf:1    | Noticed Eskosele's ghost (adept TeRe)
 38030 | Elf:1    | Killed Eskosele's ghost
 38036 | Elf:1    | Identified the amulet of the Stopping Messenger {Faith
                  | Int+4}
 38131 | Elf:1    | Noticed a Brimstone Fiend
 38260 | Elf:1    | Reached skill level 15 in Unarmed Combat
 38615 | Elf:2    | Paralysed by an air elemental for 1 turns
 38619 | Elf:2    | Reached skill level 15 in Fighting
 38641 | Elf:2    | Found Ydwa's Distillery.
 38790 | Elf:2    | Bought a potion of cancellation for 112 gold pieces
 38790 | Elf:2    | Bought a potion of might for 56 gold pieces
 38790 | Elf:2    | Bought a potion of might for 56 gold pieces
 38790 | Elf:2    | Bought a potion of heal wounds for 70 gold pieces
 38790 | Elf:2    | Bought a potion of haste for 140 gold pieces
 38953 | Elf:2    | Found a runed translucent gate.
 38954 | Elf:2    | Found a runed translucent gate.
 38954 | Elf:2    | Found a runed translucent gate.
 39116 | Elf:3    | Entered Level 3 of the Elven Halls
 39170 | Elf:3    | Found Oxylen's Jewellery Boutique.
 39173 | Elf:3    | Found Jestriov's Armour Boutique.
 39173 | Elf:3    | Found Luafikh's Book Shop.
 39178 | Elf:3    | Found Itso's Book Shop.
 39238 | Elf:3    | Reached XP level 19. HP: 108/108 MP: 26/26
 39311 | Elf:3    | Paralysed by an air elemental for 1 turns
 39442 | Elf:3    | Found Xyadusch's Antique Armour Boutique.
 39694 | Elf:3    | Reached skill level 18 in Shapeshifting
 40242 | Elf:3    | Identified the +10 hand axe of Eternal Harmony {freeze,
                  | Dex+5 SInv}
 40278 | Elf:3    | Learned a level 2 spell: Blink
 40328 | Elf:3    | Identified the +0 plate armour "Qeaxoasi" {rElec rPois rF-
                  | rN+}
 40335 | Elf:3    | Got the Spellbook of the Anticline
 40350 | Elf:3    | Identified the ring "Askyhirphu" {Fly rElec rN+ Str+3
                  | Int-3}
 40940 | Depths:1 | Entered Level 1 of the Depths
 41119 | Depths:1 | Reached skill level 15 in Stealth
 41406 | Depths:1 | Found a one-way gate leading to the halls of Pandemonium.
 41488 | Depths:1 | Found a one-way gateway to a ziggurat.
 41493 | Depths:1 | Noticed Boris
 41494 | Depths:1 | Found a one-way gate to the infinite horrors of the Abyss.
 41514 | Depths:1 | Killed Boris
 42054 | Depths:1 | Found a gateway to Hell.
 42823 | Depths:2 | Reached XP level 20. HP: 115/115 MP: 27/27
 43058 | Depths:2 | Noticed a caustic shrike
 43070 | Depths:1 | Killed a caustic shrike
 43354 | Depths:2 | Noticed Sojobo
 43390 | Depths:2 | Paralysed by an air elemental for 1 turns
 43442 | Depths:2 | Killed Sojobo
 43793 | Depths:2 | Found a runed translucent door.
 43799 | Depths:2 | Noticed a caustic shrike
 43873 | Depths:2 | Killed a caustic shrike
 44051 | Depths:2 | Voluntarily entered the Abyss.
 44377 | Abyss:2  | Found a corrupted altar of Lugonu.
 44416 | Abyss:2  | Noticed a bone dragon
 44498 | Abyss:2  | Killed a bone dragon
 44504 | Abyss:2  | Reached skill level 19 in Shapeshifting
 44789 | Depths:2 | Escaped the Abyss
 44923 | Depths:2 | Voluntarily entered the Abyss.
 44974 | Abyss:4  | Found a corrupted altar of Lugonu.
 44987 | Abyss:4  | Found a corrupted altar of Lugonu.
 45013 | Abyss:4  | Gained mutation: You occasionally lose the ability to drink
                  | potions when taking damage. [a neqoxec]
 45025 | Abyss:4  | Found a corrupted altar of Lugonu.
 45055 | Abyss:4  | Found a corrupted altar of Lugonu.
 45182 | Abyss:4  | Found a corrupted altar of Lugonu.
 45345 | Abyss:4  | Noticed a bone dragon
 45403 | Abyss:4  | Gained mutation: Your health recovers twice as slowly from
                  | being drained. [a cacodemon]
 45404 | Abyss:4  | Gained mutation: You occasionally shout uncontrollably at
                  | your foes. [a cacodemon]
 45423 | Abyss:4  | Reached XP level 21. HP: 123/123 MP: 28/28
 45577 | Abyss:4  | Paralysed by accursed screaming for 1 turns
 45590 | Depths:2 | Escaped the Abyss
 45736 | Vaults:1 | Entered Level 1 of the Vaults
 46070 | Vaults:1 | Noticed Nikola
 46086 | Vaults:1 | Mangled by an ironbound preserver
 46086 | Vaults:1 | Lost a life (1 life remaining)
 46250 | Vaults:1 | Identified the ring "Xesho" {*Corrode Int+6 Dex+8}
 46423 | Vaults:1 | Noticed Zenata
 46898 | Vaults:1 | Killed Zenata
 47128 | Vaults:2 | Found a staircase to the Crypt.
 47166 | Vaults:2 | Found Tixtetyl's Assorted Antiques.
 47175 | Vaults:2 | Bought a potion of curing for 87 gold pieces
 47175 | Vaults:2 | Bought a potion of heal wounds for 145 gold pieces
 47175 | Vaults:2 | Bought a scroll of teleportation for 87 gold pieces
 47175 | Vaults:2 | Bought a potion of cancellation for 232 gold pieces
 47175 | Vaults:2 | Bought a scroll of teleportation for 87 gold pieces
 47677 | Vaults:2 | Found Ejuaf's Antique Armour Shop.
 47933 | Vaults:2 | Found Cyito's General Store.
 47942 | Vaults:2 | Bought a wand of paralysis (4) for 144 gold pieces
 48348 | Vaults:3 | Found a magical portal.
 48357 | WizLab   | Entered Lehudib's Moon Base
 49009 | Vaults:3 | Reached XP level 22. HP: 130/130 MP: 29/29
 49009 | Vaults:3 | Gained a life (2 lives remaining)
 49738 | Vaults:4 | Found a crumbling gateway.
 49747 | Desolati | Entered the Desolation of Salt
 49888 | Desolati | Identified the ring of Donal {^Drain rPois rN+ Str+8}
 49890 | Desolati | Identified the +2 spear of Extinguishment {pain, *Slow rF+
                  | Will++ Stlth+}
 49990 | Desolati | Identified the ring of Posau {rF+ Str+5 Int+3}
 49994 | Desolati | Identified the +0 ring mail "Qikilem" {Fly rC+ rN+ Dex-4}
 50011 | Desolati | Got Februukh's Monograph on the Posthumous Shot
 50015 | Desolati | Identified the +0 chain mail of Conscience {rElec Stlth+}
 50203 | Desolati | Identified the ring "Matiqaoss" {rElec Dex+6}
 50785 | Vaults:4 | Found Iclyihyn's Weapon Shop.
 50794 | Vaults:4 | Reached skill level 20 in Shapeshifting
 50794 | Vaults:4 | Reached XP level 23. HP: 136/136 MP: 30/30
 51000 | Vaults:4 | Found Ugosegg's Book Shoppe.
 51544 | Vaults:5 | Entered Level 5 of the Vaults
 51640 | Vaults:5 | Found the +16 obsidian axe {drain, demonic, Mesm ^Drain Fly
                  | SInv}
 51650 | Vaults:5 | Got a silver rune of Zot
 51752 | Vaults:5 | Noticed an ancient lich
 51764 | Vaults:5 | Identified the +6 war axe of Wotes {freeze, +Blink}
 51786 | Vaults:5 | Reached XP level 24. HP: 85/142 MP: 30/30
 51794 | Vaults:5 | Reached skill level 21 in Shapeshifting
 51910 | Vaults:5 | Identified the ring "Xokekuxzy" {rC+ Int+2}
 52132 | Vaults:1 | Killed Nikola
 52755 | Depths:3 | Found an iron altar of Okawaru.
 52847 | Depths:3 | Found a bloodstained altar of Trog.
 52992 | Depths:3 | Found an ornate altar of the Wu Jian Council.
 53005 | Depths:3 | Noticed Boris
 53017 | Depths:3 | Killed Boris
 53022 | Depths:4 | Entered Level 4 of the Depths
 53112 | Depths:4 | Reached skill level 22 in Shapeshifting
 53293 | Depths:4 | Found a gate to the Realm of Zot.
 53638 | Zot:1    | Entered Level 1 of the Realm of Zot
 53774 | Zot:1    | Reached skill level 23 in Shapeshifting
 53978 | Zot:1    | Noticed an orb of fire
 53990 | Zot:1    | Killed an orb of fire
 54187 | Zot:1    | Reached XP level 25. HP: 143/147 MP: 30/30
 54221 | Zot:1    | Reached skill level 10 in Evocations
 56156 | Zot:4    | Noticed a Killer Klown
 56165 | Zot:4    | Killed a Killer Klown
 56179 | Zot:4    | Reached skill level 15 in Evocations
 56283 | Zot:5    | Entered Level 5 of the Realm of Zot
 56310 | Zot:5    | Noticed an orb of fire
 56757 | Zot:5    | Noticed an ancient lich
 56760 | Zot:5    | Noticed a Killer Klown
 56766 | Zot:5    | Noticed an ancient lich
 56768 | Zot:5    | Noticed a dread lich
 56772 | Zot:5    | Noticed an orb of fire
 56774 | Zot:5    | Killed a Killer Klown
 56827 | Zot:5    | Got the Orb of Zot
 56851 | Zot:5    | Noticed a Killer Klown
 56856 | Zot:5    | Killed an ancient lich
 56861 | Zot:5    | Killed an ancient lich
 56865 | Zot:5    | Noticed a dread lich
 56866 | Zot:5    | Killed a dread lich
 57532 | D:$      | Escaped with the Orb!

Illustrated notes

Levels and vault maps discovered:
D:1:      nzn_arrival_water_spiral, layout_rooms
D:2:      layout_rooms, serial_shops, nicolae_shop_rolled_up,
          ebering_ecumenical_altar_box, minmay_pentomino_z2, uniq_natasha,
          uniq_robin, uniq_sigmund
D:3:      layout_basic, lemuel_coloured_pillars_altar, tgw_sif,
          mainiacjoe_overflow_alcove_2
D:4:      layout_rooms, serial_shops, shop, serial_curves, eino_curves_01,
          eino_curves_02, hangedman_glass_teeth, uniq_ijyb
D:5:      minmay_diamond_boxcup, layout_loops_ring, makhleb_grotto_becter
D:6:      layout_gridville, lemuel_tele_altar
D:7:      layout_basic, mainiacjoe_overflow_cross_hatched,
          minmay_temple_entry_poolview, uniq_duvessa
D:8:      layout_basic, lair_entry_dummy, minmay_unpleasant_kobolds
D:9:      layout_roguey, nicolae_overflow_hidden_temple,
          nicolae_dithmenos_through_a_glass_darkly, minmay_orc_entry_guard_dogs,
          hangedman_decor_slide_cut, minmay_diced_spiral
D:10:     kennysheep_kobold_lugonu_temple, layout_basic,
          gammafunk_temple_overflow_arena, serial_shops,
          nicolae_shop_real_fake_doors, serial_bayou, serial_bayou_pond_e,
          serial_bayou_lake_a, serial_bayou_shore_a, serial_bayou_pond_d
D:11:     bobbens_index_wilting_gardens, layout_basic,
          nicolae_twisty_statue_hallways
D:12:     minmay_the_grid_triangle_9x9_recursive_3_mashed
          [minmay_the_grid_triangle_9x9_semitri,
          minmay_the_grid_triangle_9x9_dagger,
          minmay_the_grid_triangle_9x9_flanged_cone,
          minmay_the_grid_triangle_9x9_prize_center,
          minmay_the_grid_triangle_9x9_pentomino_pain,
          minmay_the_grid_triangle_9x9_alien,
          minmay_the_grid_triangle_9x9_subtriangle,
          minmay_the_grid_triangle_9x9_steps,
          minmay_the_grid_triangle_9x9_intruding_spiral], layout_basic,
          serial_shops, nicolae_shop_overgrown_old_shop
D:13:     layout_basic, grunt_vaults_entry_fortified, serial_shops, shop,
          uniq_nessos, uniq_sonja
D:14:     layout_long_grid, chequers_serial_rivers_marsh,
          minmay_guarded_unrand_staff_of_olgreb
D:15:     grunt_enter_depths_giant_problem, layout_rooms
Temple:   nicolae_temple_ecumenical_triangle
Lair:1:   layout_gridlike, chequers_serial_rivers_micro_d
Lair:2:   wander_river, layout_hall_layers, mainiacjoe_swamp_entry_angry_trees,
          nicolae_volcano_entry_two_sided, basic_altar, guppyfry_lair_drakes
Lair:3:   layout_cave_shapes, nicolae_snake_entry_squirm
Lair:4:   layout_loops_ring, nicolae_slime_entry_field_trip
Lair:5:   grunt_lair_end_beastmaster, layout_cellular_growth,
          gauntlet_entry_generic, uniq_rupert, uniq_josephine
Swamp:1:  layout_basic_swamp, evilmike_swamp_ruin_rubble_1, swamp_pool_1_2,
          nicolae_swamp_decorative_isthmus, uniq_louise
Swamp:2:  layout_basic_swamp, nicolae_swamp_fairy_circle,
          nicolae_swamp_spriggan_camp, uniq_frances
Swamp:3:  layout_falls_marsh, hangedman_swamp_ruin_wall, swamp_pool_1_2
Swamp:4:  swamp, layout_basic_swamp, uniq_bai_suzhen
Snake:1:  layout_grid_maze, ebering_ghost_xom, uniq_aizul, uniq_agnes,
          uniq_donald
Snake:2:  layout_onion, nicolae_integral_box, serial_bayou_shore_b,
          uniq_saint_roka
Snake:3:  nicolae_snake_nest, layout_onion_interference, uniq_jorgrun
Snake:4:  snake_pit_salamanders_mu, layout_cave_town, basic_altar, serial_shops,
          nicolae_shop_back_alley_shop, hangedman_snake_corridor_cut
Orc:1:    layout_diamond_mine, elves_outpost_lemuel, uniq_maurice
Orc:2:    st_orc_mages, layout_diamond_mine, basic_altar
Elf:1:    hangedman_cross_stitches, layout_onion_city,
          ebering_ghost_rock_garden, basic_altar, minivault_28
Elf:2:    nicolae_elf_blades_crystal_corner, layout_gridlike, serial_shops,
          nicolae_shop_window_shopping
Elf:3:    minmay_elf_hall, layout_geoelf_diagonals, serial_shops, shop,
          minmay_shoptagon
Vaults:1: st_more_cells, nicolae_vaults_puzzle_piece,
          nicolae_vaults_door_testing_chamber, nicolae_vaults_diamond_2,
          grunt_vaults_hallway_short, nicolae_vaults_apartment_2,
          nicolae_vaults_asterisk, nicolae_vaults_storage_closets_3,
          layout_vaults_omnibox, uniq_zenata, uniq_nikola
Vaults:2: blue_anna_dwarven_crypt, nicolae_vaults_tetromino_L_1,
          nicolae_vaults_storage_room_statues, vaults_dpeg_ring,
          layout_vaults_omnigrid, serial_shops, nicolae_shop_waterfront, shop,
          shop
Vaults:3: mu_enter_wizlab_4, v_alt_pattern_2, nicolae_vaults_little_squares_5,
          nicolae_vaults_what_the_h, nicolae_vaults_big_ls, v_pattern_3,
          nicolae_vaults_offset_grid_hallway_3, grunt_vaults_focal,
          dpeg_vaults_monster_row, ontoclasm_vaults_pinch,
          vaults_room_ringed_pool, ontoclasm_vaults_spin, layout_vaults_ring
Vaults:4: portal_desolation_entry_ruin, nicolae_vaults_trapezoid_1,
          hangedman_vaults_nails, v_misc_17, nicolae_vaults_spaceships,
          nicolae_vaults_little_squares_1, nicolae_vaults_closet_pinwheel_6,
          v_misc_15, nicolae_vaults_branching_niches, vaults_room_semicircle,
          nicolae_vaults_trapezoid_lopsided_3, nicolae_vaults_three_branches,
          nicolae_vaults_prndl, nicolae_vaults_two_Ls,
          nicolae_vaults_taking_the_gang_shopping, nicolae_vaults_angled_halls,
          vaults_room_grunt_arrival_checkpoint, layout_vaults_maze,
          serial_shops, nicolae_shop_trees
Vaults:5
Depths:1: layout_basic, enter_ziggurat_a, rand_demon_pan_entry_3, abyss_entry,
          grunt_metal_band, st_stairs_8, uniq_boris
Depths:2: kennysheep_scales, layout_cross, pan_entry, minmay_curled_crystal,
          abyss_entry, pf_hell_entry_tar_spiral, serial_bayou_pond_a,
          minmay_hidden_floor, minmay_staircase_bubble, uniq_sojobo
Depths:3: nicolae_herringbone, layout_basic, nicolae_titane, abyss_entry,
          hangedman_coc_ice_floe, grunt_decor_fettered,
          hangedman_feature_mirror, kennysheep_okawaru_gauntlet
Depths:4: evilmike_zot_entry_basic, layout_honeycomb, hell_entry,
          grunt_pan_entry_in_and_out, dk_noncrumbling_4
Zot:1:    lemuel_acid_trip, layout_concentric_octagons,
          regret_index_zotdec_storm_pass
Zot:2:    layout_onion_interference
Zot:3:    layout_basic, regret_index_zotdec_carving_tricks
Zot:4:    grunt_deathspiral_small, layout_onion,
          regret_index_zotdec_serpentine_scales, lemuel_lake_of_fire
Zot:5:    layout_gridlike

Skill      XL: |  1  2  3  4  5  6  7  8  9 10 11 12 13 14 15 16 17 18 19 20 21 22 23 24 25 |
---------------+----------------------------------------------------------------------------+-----
Stealth        | 1 2 3 4 5 8 11 13 15 18 19 20 | 20.0
Dodging        | 5 6 7 8 10 12 13 14 16 17 19 20 | 20.0
Fighting       | 4 5 6 7 9 10 11 13 14 15 16 17 19 20 | 20.0
Unarmed Combat | 4 5 6 7 9 10 11 13 14 15 16 17 19 20 | 20.0
Hexes          | 1 2 3 |  3.0
Spellcasting   | 1 4 |  4.0
Ice Magic      | 1 3 4 |  4.0
Shapeshifting  | 2 4 8 10 11 12 15 16 17 18 19 20 23 | 23.0
Evocations     | 2 4 6 9 18 | 18.0

Action                     |  1- 3 |  4- 6 |  7- 9 | 10-12 | 13-15 | 16-18 | 19-21 | 22-24 | 25-27 || total
---------------------------+-------+-------+-------+-------+-------+-------+-------+-------+-------++-------
  Melee: Unarmed           |   114 |   114 |   468 |   658 |  1118 |  1254 |  1456 |   855 |   305 ||  6342
         Punch             |     5 |     2 |    20 |    46 |    90 |   136 |   193 |   142 |    58 ||   692
         Bite              |     2 |    11 |    51 |    99 |   177 |   174 |   243 |   129 |    59 ||   945
         Constrict         |       |       |       |       |    11 |       |       |       |       ||    11
         Tailslap          |       |       |       |       |    46 |       |       |       |       ||    46
         Maw               |       |       |       |       |   119 |     7 |       |       |     2 ||   128
   Cast: Ensorcelled Hiber |       |    14 |    82 |   106 |     8 |       |       |       |       ||   210
         Tukima's Dance    |       |       |     2 |       |       |       |       |       |       ||     2
         Frozen Ramparts   |       |       |       |    45 |    35 |       |       |       |       ||    80
 Invoke: Potion Petition   |       |       |       |       |     1 |     4 |     4 |     4 |     2 ||    15
         Call Merchant     |       |       |       |       |       |     2 |       |       |       ||     2
         Bribe Branch      |       |       |       |       |       |       |       |       |     3 ||     3
Ability: Breathe Fire      |       |       |       |       |     8 |       |       |       |       ||     8
  Evoke: Wand              |       |       |       |    24 |    20 |     7 |       |       |    12 ||    63
         Phial of floods   |       |       |       |       |     3 |       |       |       |       ||     3
         Lightning rod     |       |       |       |       |     4 |     6 |     5 |    13 |     3 ||    31
         Phantom mirror    |       |       |       |       |       |     1 |     2 |     1 |       ||     4
    Use: Scroll            |     2 |     5 |     6 |    16 |    14 |    14 |     6 |    15 |    11 ||    89
         Potion            |     1 |       |     1 |     2 |     2 |     2 |     3 |    10 |     5 ||    26
   Stab: Distracted        |     2 |       |     4 |     5 |    14 |    27 |    25 |    13 |     3 ||    93
         Sleeping          |     4 |     6 |    39 |    32 |    18 |    41 |    29 |    28 |     2 ||   199
         Paralysed         |       |       |       |     8 |       |     1 |       |       |     6 ||    15
         Invisible         |       |       |       |       |     1 |       |     1 |       |     4 ||     6
 Armour: Skin              |    26 |    39 |   147 |   265 |   415 |   711 |   735 |   474 |   353 ||  3165
  Dodge: Dodged            |    82 |    92 |   402 |   684 |  1174 |  2753 |  3310 |  1498 |   836 || 10831
   Form: Blade             |       |       |       |     1 |     3 |       |       |       |       ||     4
         Serpent           |       |       |       |       |     3 |     1 |       |       |       ||     4
         Dragon            |       |       |       |       |     2 |       |       |       |       ||     2
         Maw               |       |       |       |       |     2 |       |       |       |     1 ||     3
         Statue            |       |       |       |       |       |     1 |       |       |       ||     1
